 Dungeon Crawl Stone Soup version 0.27.0-1-g7a08968 (webtiles) character file.

Game seed: 17603850358408988801

9 Illumine the Vexing (level 1, -2/16 HPs)
             Began as a Demigod Arcane Marksman on Aug 10, 2021.
             Slain by a jackal (3 damage)
             ... on level 1 of the Dungeon.
             The game lasted 00:01:10 (867 turns).

Illumine the Vexing (Demigod Arcane Marksman)        Turns: 867, Time: 00:01:11

Health: -2/16      AC:  2    Str: 11    XL:     1   Next: 86%
Magic:  4/4        EV: 12    Int: 15    God:
Gold:   18         SH:  0    Dex: 14    Spells: 1/2 levels left

rFire    . . .     SeeInvis .   a - +0 shortbow
rCold    . . .     Faith    .   (shield currently unavailable)
rNeg     . . .     Spirit   .   d - +0 robe
rPois    .         Reflect  .   (no helmet)
rElec    .         Harm     .   (no cloak)
rCorr    .         Rampage  .   (no gloves)
Will     .....                  (no boots)
Stlth    +.........             (no amulet)
HPRegen  0.05/turn              (no ring)
MPRegen  0.09/turn              (no ring)

@: no status effects
A: high mp 1, forlorn, talons 1, mutation resistance 1
a: no special abilities


You were on level 1 of the Dungeon.
You visited 1 branch of the dungeon, and saw 1 of its levels.

You collected 18 gold pieces.

Inventory:

Hand Weapons
 a - a +0 shortbow (weapon)
 g - a +0 dagger
Missiles
 b - 29 stones
 c - 12 arrows (quivered ammo)
Armour
 d - a +0 robe (worn)
Scrolls
 e - a scroll of amnesia {unknown}
 f - a scroll of vulnerability {unknown}


   Skills:
 + Level 1.2 Fighting
 * Level 2.3 Bows
 - Level 1.7 Dodging
 - Level 1.0 Spellcasting
 - Level 2.6 Hexes


You had one spell level left.
You knew the following spells:

 Your Spells              Type           Power      Damage    Failure   Level
a - Corona                Hex            8%         N/A       9%          1

Your spell library contained the following spells:

 Spells                   Type           Power      Damage    Failure   Level
 Slow                     Hex            8%         N/A       12%         2
 Inner Flame              Hex/Fire       4%         N/A       38%         3
 Portal Projectile        Hex/Tloc       8%         N/A       38%         3
 Cause Fear               Hex            4%         N/A       63%         4


Dungeon Overview and Level Annotations

Branches:
Dungeon (1/15)


Innate Abilities, Weirdness & Mutations

Your attributes grow dramatically as you level up.
You have an increased reservoir of magic. (+10% MP)
You shall have no god before yourself.
You have sharp toenails.
You are somewhat resistant to further mutation.


Message History

A frilled lizard comes into view.
The quokka bites you.
* * * LOW HITPOINT WARNING * * *
Fire: 16 arrows
Press: ? - help, Q - select action, (/) - cycle Shift-Dir - straight line, f/p - quokka
Aim: a quokka (lightly wounded, 48% to hit)
You shoot an arrow. The arrow closely misses the quokka.
The arrow barely misses the jackal.
The arrow closely misses the jackal. x2
The frilled lizard hisses angrily.
The quokka bites you.
* * * LOW HITPOINT WARNING * * *
The quokka bites you but does no damage.
Unknown command.
Fire: 15 arrows
Press: ? - help, Q - select action, (/) - cycle Shift-Dir - straight line, f/p - quokka
Aim: a quokka (lightly wounded, 48% to hit)
You shoot an arrow. The arrow hits the quokka!
You kill the quokka!
Unknown command.
Fire: 14 arrows
Press: ? - help, Q - select action, (/) - cycle Shift-Dir - straight line, f - jackal
Aim: a jackal (heavily wounded, 51% to hit)
You shoot an arrow. The arrow barely misses the jackal.
The arrow hits the jackal.
The jackal is heavily wounded.
The jackal misses you. The jackal bites you.
* * * LOW HITPOINT WARNING * * *
Unknown command.
It was a potion of mutation.
You feel extremely strange.
Your toenails lengthen and sharpen.
You feel genetically stable. The jackal closely misses you.
A rat comes into view.
Fire: 13 arrows
Press: ? - help, Q - select action, (/) - cycle Shift-Dir - straight line, f/p - jackal
Aim: a jackal (heavily wounded, 51% to hit)
You shoot an arrow. The arrow hits the jackal.
You kill the jackal!
The jackal bites you.
You die...

...# #.##.### #≈≈≈≈≈≈≈≈≈≈≈.≈..#
##.#
#......####≈≈≈≈≈♣≈♣≈≈≈≈≈.## #.#
####........≈≈≈≈♣_.≈≈≈≈..# #.#
#............≈≈≈♣♣≈≈≈≈.≈.#
#.####.##.......≈≈≈≈≈≈≈≈≈≈≈≈..#
#......##.#.####≈.≈≈≈≈≈≈≈≈≈≈..#
#########...# ..≈≈≈≈≈≈≈≈≈.≈.#
#.#.####≈......≈r.≈.≈.#
#>.lrhh@....!.. #.#.########.##
#.#.# #


#hh #.. #..# #..# #..# You could see 2 jackals, a frilled lizard and a rat.

Vanquished Creatures
  2 bats (D:1)
  A hobgoblin (D:1)
  A jackal (D:1)
  2 quokkas (D:1)
  2 frilled lizards (D:1)
  2 rats (D:1)
10 creatures vanquished.

Notes
Turn   | Place    | Note
-------+----------+-------------------------------------------
     0 | D:1      | Illumine the Demigod Arcane Marksman began the quest for
                  | the Orb.
     0 | D:1      | Reached XP level 1. HP: 15/15 MP: 4/4
    52 | D:1      | Reached skill level 1 in Fighting
   866 | D:1      | Gained mutation: You have sharp toenails. [potion of
                  | mutation]
   866 | D:1      | Gained mutation: You are somewhat resistant to further
                  | mutation. [potion of mutation]
   867 | D:1      | Slain by a jackal

Illustrated notes

Levels and vault maps discovered:
D:1:      dpeg_arrival_renting, layout_basic, chequers_ecumenical_altar_island

Skill      XL: |  1 |
---------------+----+-----
Fighting       | 1 |  1.2
Bows           | 2 |  2.3
Dodging        | |  1.7
Spellcasting   | |  1.0
Hexes          | |  2.6

Action                   || total
-------------------------++-------
Melee: Dagger            ||    32
 Fire: Shortbow          ||     8
Throw: Stone             ||     6
  Use: Potion            ||     1
Armor: Robe              ||    11
Dodge: Dodged            ||    26
